 Dungeon Crawl Stone Soup version 0.31.0-9-g3a7656b989 (webtiles) character file.

Game seed: 405478403340382409

1075 qw the Skirmisher (level 8, -10/40 HPs)
             Began as a Spriggan Hunter on Feb 2, 2024.
             Killed by nerve-wracking pain
             ... invoked by a shadow imp
             ... summoned by a kobold demonologist
              (14 damage)
             ... on level 6 of the Dungeon.
             The game lasted 00:00:26 (4678 turns).

qw the Skirmisher (Spriggan Hunter)                 Turns: 4678, Time: 00:00:27

Health: -10/40     AC:  9    Str: 13    XL:     8   Next: 8%
Magic:  9/9        EV: 22    Int: 11    God:
Gold:   140        SH:  0    Dex: 20    Spells: 7/7 levels left

rFire   . . .        a - +1 shortbow
rCold   . . .        (shield currently unavailable)
rNeg    . . .        c - +0 robe
rPois   .            (helmet restricted)
rElec   .            d - +2 cloak
rCorr   .            (gloves unavailable)
SInv    +            (boots unavailable)
Will    +....        p - amulet of the acrobat
Stlth   ++           b - +4 ring of protection
HPRegen 0.26/turn    f - +6 ring of strength
MPRegen 0.11/turn

%: acrobat, clarity
@: very quick
A: very small, no large weapons, unfitting armour, see invisible, speed 3,
clarity, deterioration 1, no potion heal 1, persistent drain
a: no special abilities


You were on level 6 of the Dungeon.
You visited 1 branch of the dungeon, and saw 6 of its levels.
You also visited: Sewer.

You collected 285 gold pieces.
You spent 145 gold pieces at shops.


Innate Abilities, Weirdness & Mutations

You are very small and have problems with some larger weapons.
You are too small for most types of armour.
You have supernaturally acute eyesight. (SInv)
You cover ground extremely quickly. (Speed+++)
You possess an exceptional clarity of mind.
Your body sometimes deteriorates upon taking damage.
Potions are less effective at restoring your health.
Your health recovers twice as slowly from being drained.


   Skills:
 - Level 3.5 Fighting
 - Level 8.0 Ranged Weapons
 + Level 7.4 Dodging
 - Level 1.5 Stealth


You had 7 spell levels left.
You didn't know any spells.
Your spell library was empty.

Inventory:

Hand Weapons
 a - a +1 shortbow (weapon)
Armour
 c - a +0 robe (worn)
 d - a +2 cloak (worn)
Jewellery
 b - a +4 ring of protection (left hand)
 f - a +6 ring of strength (right hand)
 p - an amulet of the acrobat (around neck)
Wands
 e - a wand of digging (5)
 j - a wand of flame (26)
 t - a wand of iceblast (8)
Potions
 g - 2 potions of might
 h - 2 potions of curing
 i - a potion of degeneration {unknown}
 l - a potion of enlightenment {unknown}
 n - a potion of brilliance {unknown}
 o - a potion of resistance
 s - a potion of heal wounds {unknown}

Dungeon Overview and Level Annotations

Branches:
Dungeon (6/15)             Temple (0/1) D:6           Sewer (visited)

Altars:
Hepliaklqana

Shops:
D:4 *

Annotations:
D:6 exclusions: howler monkey, 6 white imps and yak


Message History

The quasit closely misses you. x2; The quasit misses you.
You shoot an arrow.
The arrow closely misses the howler monkey.
The howler monkey closely misses you. The quasit closely misses you.
The quasit completely misses you. The quasit claws you.
The shadow imp closely misses you.
The kobold demonologist casts a cantrip, but nothing happens.
The howler monkey closely misses you.
You shoot an arrow.
The arrow completely misses the howler monkey.
The quasit misses you. The quasit closely misses you.
The quasit barely misses you. The shadow imp barely misses you.
The kobold demonologist hits you with a +0 dagger.
The howler monkey hoots and howls with incredible vigour!
The quasit barely misses you. The quasit closely misses you.
The quasit claws you but does no damage.
You hear a shout! x2
You shoot an arrow.
The arrow barely misses the howler monkey.
The shadow imp misses you.
The kobold demonologist completely misses you.
The howler monkey barely misses you. The quasit completely misses you. x2
The quasit claws you but does no damage.
You shoot an arrow. The arrow hits the howler monkey.
The howler monkey is almost dead.
The quasit bites you but does no damage.
The quasit misses you. x2
The howler monkey completely misses you.
The shadow imp gestures at you. You resist with some effort.
The kobold demonologist looks braver for a moment.
You shoot an arrow.
The arrow hits the howler monkey but does no damage.
The howler monkey is almost dead.
The quasit misses you.
The quasit claws you but does no damage.
The quasit barely misses you. The howler monkey barely misses you.
The shadow imp gestures at you. Pain shoots through your body!
You die...

#......#.........#
#....#.......S...#
#...#......#888###
.......#....##8...8##
...........5#.8.>...#
...#..........8...8.#
.....###......#888#.#
....###.......Yh5K..#
.(.).))%......#@5..#
....##..#..###....# .
###..##### ###..#
##...# #.## #.<###
### #..# ...## ##..
###


You could see a kobold demonologist, a yak, a water moccasin, a howler monkey, a
quasit (summoned), a white imp (wandering) and a shadow imp (summoned).

Vanquished Creatures
  Pargi (Sewer)
  A sky beast (D:6)
  A kobold brigand (D:5)
  2 brain worms (Sewer)
  2 scorpions (D:5)
  A jelly (D:6)
  A bombardier beetle (D:3)
  3 hounds
  4 iguanas
  3 orc wizards
  A sleepcap (D:6)
  9 adders
  2 shadow imps (D:5)
  2 ufetubi (D:4)
  2 ribbon worms (D:2)
  20 orcs
  2 bats
  6 endoplasms
  6 giant cockroaches
  6 goblins
  7 hobgoblins
  10 jackals
  11 kobolds
  3 quokkas
  3 ball pythons
  3 frilled lizards
  A rat (D:1)
113 creatures vanquished.

Notes
Turn   | Place    | Note
-------+----------+-------------------------------------------
     0 | D:1      | qw the Spriggan Hunter began the quest for the Orb.
     0 | D:1      | Reached XP level 1. HP: 10/10 MP: 2/2
     0 | D:1      | 0 ||| qw: Version: 0.3-a-155-g5e7d8dd
     0 | D:1      | 0 ||| qw: Game counter: 1870
     0 | D:1      | 0 ||| qw: Melee chars always use a shield: true
     0 | D:1      | 0 ||| qw: God list: Okawaru
     0 | D:1      | 0 ||| qw: Allow faded altars: false
     0 | D:1      | 0 ||| qw: Do Orc after clearing Dungeon:15 true
     0 | D:1      | 0 ||| qw: Do second Lair branch before Depths: true
     0 | D:1      | 0 ||| qw: Lair rune preference: random
     0 | D:1      | 0 ||| qw: Goals: Normal
     0 | D:1      | 0 ||| PLANNING D:1-11
    80 | D:1      | Reached skill level 3 in Dodging
   140 | D:1      | Reached XP level 2. HP: 14/14 MP: 3/3
   886 | D:1      | 886 ||| UPGRADING to +0 cloak.
   891 | D:1      | 891 ||| READING scroll labelled NIOCSY DECUSAH.
   891 | D:1      | 891 ||| ENCHANTING +0 cloak.
   892 | D:1      | 892 ||| READING scroll labelled BASOVE EFAGG.
   893 | D:1      | 893 ||| READING scroll labelled TIOTTI BACLA.
   894 | D:1      | 894 ||| READING scroll labelled FADESI HENLUL.
   894 | D:1      | 894 ||| IDENTIFYING 2 dark potions
   895 | D:1      | 895 ||| DROPPING scroll of butterflies.
  1156 | D:2      | Reached XP level 3. HP: 17/18 MP: 4/4
  1170 | D:2      | 1170 ||| FLEEEEING.
  1171 | D:2      | 1171 ||| FLEEEEING.
  1172 | D:2      | 1172 ||| FLEEEEING.
  1173 | D:2      | 1173 ||| FLEEEEING.
  1174 | D:2      | 1174 ||| FLEEEEING.
  1175 | D:2      | 1175 ||| FLEEEEING.
  1176 | D:2      | 1176 ||| FLEEEEING.
  1177 | D:2      | 1177 ||| FLEEEEING.
  1181 | D:2      | 1181 ||| FLEEEEING.
  1182 | D:2      | 1182 ||| FLEEEEING.
  1183 | D:2      | 1183 ||| FLEEEEING.
  1184 | D:2      | 1184 ||| FLEEEEING.
  1185 | D:2      | 1185 ||| FLEEEEING.
  1186 | D:2      | 1186 ||| FLEEEEING.
  1187 | D:2      | 1187 ||| FLEEEEING.
  1189 | D:2      | 1189 ||| FLEEEEING.
  1190 | D:2      | 1190 ||| FLEEEEING.
  1191 | D:2      | 1191 ||| FLEEEEING.
  1192 | D:2      | 1192 ||| FLEEEEING.
  1193 | D:2      | 1193 ||| FLEEEEING.
  1194 | D:2      | 1194 ||| FLEEEEING.
  1195 | D:2      | 1195 ||| FLEEEEING.
  1197 | D:2      | 1197 ||| FLEEEEING.
  1198 | D:2      | 1198 ||| FLEEEEING.
  1200 | D:2      | 1200 ||| FLEEEEING.
  1201 | D:2      | 1201 ||| FLEEEEING.
  1202 | D:2      | 1202 ||| FLEEEEING.
  1204 | D:2      | 1204 ||| FLEEEEING.
  1205 | D:2      | 1205 ||| FLEEEEING.
  1207 | D:2      | 1207 ||| FLEEEEING.
  1208 | D:2      | 1208 ||| FLEEEEING.
  1209 | D:2      | 1209 ||| FLEEEEING.
  1447 | D:2      | Found a faded altar of an unknown god.
  1448 | D:2      | 1448 ||| UPGRADING to +4 ring of protection.
  1449 | D:2      | 1449 ||| READING scroll labelled BARA YNATH.
  1453 | D:2      | 1453 ||| READING scroll labelled GUGHOIGU GIEWK.
  1454 | D:2      | 1454 ||| READING scroll labelled CINOGEVVOI.
  1454 | D:2      | 1454 ||| ENCHANTING +0 shortbow.
  1455 | D:2      | 1455 ||| DRINKING 2 fuming red potions.
  1455 | D:2      | Gained mutation: Your system is resistant to poisons.
                  | (rPois) [potion of mutation]
  1455 | D:2      | Gained mutation: Potions are less effective at restoring
                  | your health. [potion of mutation]
  1455 | D:2      | Gained mutation: You are dopey. (Int -2) [potion of
                  | mutation]
  1456 | D:2      | 1456 ||| DRINKING potion of mutation.
  1456 | D:2      | Lost mutation: You are dopey. (Int -2) [potion of mutation]
  1456 | D:2      | Lost mutation: Your system is resistant to poisons. (rPois)
                  | [potion of mutation]
  1456 | D:2      | Gained mutation: Your health recovers twice as slowly from
                  | being drained. [potion of mutation]
  1456 | D:2      | Gained mutation: Your body sometimes deteriorates upon
                  | taking damage. [potion of mutation]
  1456 | D:2      | Gained mutation: You possess an exceptional clarity of
                  | mind. [potion of mutation]
  1471 | D:3      | 1471 ||| PLANNING SEWER
  1707 | D:3      | Reached skill level 5 in Ranged Weapons
  1850 | D:3      | Reached XP level 4. HP: 22/22 MP: 5/5
  1911 | D:3      | Found a glowing drain.
  1930 | D:3      | 1930 ||| UPGRADING to +6 ring of strength.
  1950 | Sewer    | Entered a sewer
  1957 | Sewer    | Noticed Pargi
  1967 | Sewer    | Killed Pargi
  1968 | Sewer    | Reached skill level 6 in Dodging
  1968 | Sewer    | Reached XP level 5. HP: 12/25 MP: 6/6
  2085 | Sewer    | Reached XP level 6. HP: 22/32 MP: 4/7
  2130 | Sewer    | 2130 ||| READING scroll of enchant armour.
  2130 | Sewer    | 2130 ||| ENCHANTING +1 cloak.
  2190 | D:3      | 2190 ||| PLANNING D:1-11
  2620 | D:3      | 2620 ||| DRINKING 2 bubbling ruby potions.
  2819 | D:4      | Reached skill level 6 in Ranged Weapons
  2941 | D:4      | Found Iseifeaz's Assorted Antiques.
  2944 | D:4      | 2944 ||| BUYING orange potion (19 gold).
  2944 | D:4      | Bought an orange potion for 19 gold pieces
  2944 | D:4      | 2944 ||| BUYING orange potion (19 gold).
  2944 | D:4      | Bought an orange potion for 19 gold pieces
  2944 | D:4      | 2944 ||| BUYING scroll labelled NAKKIY RUEJ (22 gold).
  2944 | D:4      | Bought a scroll labelled NAKKIY RUEJ for 22 gold pieces
  2944 | D:4      | 2944 ||| BUYING scroll labelled UCLUTZ UBYRASA (22 gold).
  2944 | D:4      | Bought a scroll labelled UCLUTZ UBYRASA for 22 gold pieces
  2944 | D:4      | 2944 ||| BUYING scroll of identify (44 gold).
  2944 | D:4      | Bought a scroll of identify for 44 gold pieces
  2944 | D:4      | 2944 ||| BUYING viscous purple potion (19 gold).
  2944 | D:4      | Bought a viscous purple potion for 19 gold pieces
  3410 | D:4      | 3410 ||| READING 2 scrolls of identify.
  3410 | D:4      | 3410 ||| IDENTIFYING metallic red potion
  3411 | D:4      | 3411 ||| READING scroll of identify.
  3411 | D:4      | 3411 ||| IDENTIFYING silvery potion
  3412 | D:4      | 3412 ||| READING scroll labelled NAKKIY RUEJ.
  3413 | D:4      | 3413 ||| READING scroll labelled UCLUTZ UBYRASA.
  3414 | D:4      | 3414 ||| DRINKING 2 orange potions.
  3415 | D:4      | 3415 ||| DROPPING potion of lignification.
  3416 | D:4      | 3416 ||| DROPPING potion of attraction.
  3431 | D:5      | Entered Level 5 of the Dungeon
  3438 | D:5      | 3438 ||| STAIRDANCE
  3457 | D:5      | 3457 ||| STAIRDANCE
  3468 | D:5      | 3468 ||| STAIRDANCE
  3612 | D:5      | Reached XP level 7. HP: 15/35 MP: 8/8
  3709 | D:5      | Identified the +9 short sword of the Hierophant {freeze,
                  | ^Fragile rF+ rC+ rN+++}
  3723 | D:5      | Reached skill level 7 in Ranged Weapons
  4105 | D:5      | Found a hazy altar of Hepliaklqana.
  4119 | D:5      | Reached skill level 8 in Ranged Weapons
  4334 | D:4      | 4334 ||| UPGRADING to amulet of the acrobat.
  4522 | D:6      | 4522 ||| PLANNING OSSUARY
  4546 | D:6      | Reached skill level 3 in Fighting
  4546 | D:6      | Reached XP level 8. HP: 31/40 MP: 9/9
  4581 | D:6      | Found a staircase to the Ecumenical Temple.
  4605 | D:6      | Noticed a kobold demonologist
  4606 | D:6      | 4606 ||| ZAPPING wand of mindburst (6) at -2,-7 (kobold
                  | demonologist; floor).
  4607 | D:6      | 4607 ||| RETREEEEATING.
  4613 | D:6      | 4613 ||| ZAPPING wand of mindburst (5) at 1,-1 (kobold
                  | demonologist; floor).
  4614 | D:6      | Noticed a smoke demon
  4614 | D:6      | 4614 ||| RETREEEEATING.
  4615 | D:6      | 4615 ||| RETREEEEATING.
  4616 | D:6      | 4616 ||| RETREEEEATING.
  4617 | D:6      | 4617 ||| RETREEEEATING.
  4619 | D:6      | 4619 ||| ZAPPING wand of mindburst (4) at -1,-2 (kobold
                  | demonologist; floor).
  4622 | D:6      | 4622 ||| ZAPPING wand of mindburst (3) at -1,-1 (kobold
                  | demonologist; floor).
  4623 | D:6      | 4623 ||| ZAPPING wand of mindburst (2) at -1,-1 (kobold
                  | demonologist; floor).
  4624 | D:6      | 4624 ||| ZAPPING wand of mindburst (1) at -1,-1 (kobold
                  | demonologist; floor).
  4625 | D:6      | 4625 ||| RETREEEEATING.
  4626 | D:6      | 4626 ||| RETREEEEATING.
  4627 | D:6      | 4627 ||| RETREEEEATING.
  4628 | D:6      | 4628 ||| RETREEEEATING.
  4629 | D:6      | Noticed an ice devil
  4629 | D:6      | 4629 ||| RETREEEEATING.
  4629 | D:6      | HP: 7/40 [smoke demon/divine providence[a kobold
                  | demonologist] (13)]
  4630 | D:6      | 4630 ||| READING 3 scrolls of teleportation.
  4631 | D:6      | 4631 ||| RETREEEEATING.
  4632 | D:6      | 4632 ||| RETREEEEATING.
  4633 | D:6      | 4633 ||| RETREEEEATING.
  4634 | D:6      | 4634 ||| RETREEEEATING.
  4635 | D:6      | 4635 ||| RETREEEEATING.
  4636 | D:6      | 4636 ||| READING 2 scrolls of teleportation.
  4637 | D:6      | HP: 7/40 [wight/+1 spear (1)]
  4638 | D:6      | 4638 ||| RETREEEEATING.
  4639 | D:6      | 4639 ||| RETREEEEATING.
  4640 | D:6      | 4640 ||| READING scroll of teleportation.
  4643 | D:6      | 4643 ||| RETREEEEATING.
  4644 | D:6      | 4644 ||| RETREEEEATING.
  4645 | D:6      | 4645 ||| RETREEEEATING.
  4646 | D:6      | 4646 ||| RETREEEEATING.
  4647 | D:6      | 4647 ||| RETREEEEATING.
  4648 | D:6      | 4648 ||| RETREEEEATING.
  4649 | D:6      | 4649 ||| RETREEEEATING.
  4650 | D:6      | 4650 ||| RETREEEEATING.
  4651 | D:6      | 4651 ||| RETREEEEATING.
  4652 | D:6      | 4652 ||| RETREEEEATING.
  4653 | D:6      | 4653 ||| RETREEEEATING.
  4654 | D:6      | 4654 ||| RETREEEEATING.
  4655 | D:6      | 4655 ||| RETREEEEATING.
  4656 | D:6      | 4656 ||| RETREEEEATING.
  4657 | D:6      | 4657 ||| RETREEEEATING.
  4664 | D:6      | HP: 5/40 [kobold demonologist/+0 dagger (3)]
  4672 | D:6      | HP: 5/40 [quasit[a kobold demonologist] (2)]
  4678 | D:6      | Killed from afar by a shadow imp

Levels and vault maps discovered:
D:1:      elethiomel_arrival_infinity_welcomes_careful_drivers,
          layout_loops_ring, serial_bayou, serial_bayou_pond_e,
          serial_bayou_shore_b, serial_bayou_pond_a, serial_bayou_lake_a
D:2:      layout_basic, hellmonk_ecumenical_altar_defaced_shrine
D:3:      layout_loops_corners, gup_sewer_entry_glass
D:4:      layout_basic, serial_shops, shop, dk_rats_in_the_wall
D:5:      layout_gridville, nicolae_hepliaklqana_hazy_memory
D:6:      hangedman_cross_stitches, layout_cave_pools,
          minmay_temple_entry_statues, nicolae_ossuary_entry_giza

Skill      XL: |  1  2  3  4  5  6  7 |
---------------+----------------------+-----
Dodging        | 3 4 6 7 |  7.4
Ranged Weapons | 5 6 8 |  8.0
Fighting       | 2 3 |  3.5
Stealth        | |  1.5

Action                     |  1- 3 |  4- 6 |  7- 9 || total
---------------------------+-------+-------+-------++-------
   Fire: Shortbow          |   143 |   139 |   152 ||   434
  Evoke: Wand              |       |       |     6 ||     6
    Use: Scroll            |     7 |     5 |     3 ||    15
         Potion            |     2 |     2 |       ||     4
 Armour: Robe              |    21 |    33 |    43 ||    97
  Dodge: Dodged            |    78 |   100 |   153 ||   331

Table legend:
 A = Non-vault XP
 B = Vault XP
 C = Vault XP percentage of total XP
 D = Non-vault monster count
 E = Vault monster count
 F = Vault count percentage of total count
                 A         B        C        D         E       F
            +---------+---------+-------+---------+---------+-------
      Total |    1099 |     438 |  28.5 |      95 |      18 |  15.9
            +---------+---------+-------+---------+---------+-------
        D:1 |      19 |       0 |   0.0 |      11 |       0 |   0.0
        D:2 |      31 |      15 |  32.6 |      14 |       5 |  26.3
        D:3 |      82 |       6 |   6.8 |      15 |       3 |  16.7
        D:4 |     200 |       0 |   0.0 |      25 |       0 |   0.0
        D:5 |     581 |       0 |   0.0 |      25 |       0 |   0.0
        D:6 |     186 |      81 |  30.3 |       5 |       2 |  28.6
      Sewer |       0 |     336 | 100.0 |       0 |       8 | 100.0
            +---------+---------+-------+---------+---------+-------
